 Dungeon Crawl Stone Soup version 0.28-a0-861-ge64d6db94f (webtiles) character file.

Game seed: 2339164467835842370

43106 Zenkrye the Nimble (level 14, -4/94 HPs)
             Began as a Kobold Brigand on Nov 15, 2021.
             Was an Initiate of Uskayaw.
             Slain by a six-headed hydra (10 damage)
             ... on level 5 of the Lair of Beasts.
             The game lasted 00:57:17 (20272 turns).

Zenkrye the Nimble (Kobold Brigand)                Turns: 20272, Time: 00:57:17

Health: -4/94      AC:  7    Str:  4    XL:     14   Next: 58%
Magic:  12/23      EV: 30    Int: 14    God:    Uskayaw [......]
Gold:   1086       SH:  0    Dex: 20    Spells: 13/21 levels left

rFire   . . .      SeeInvis .   e - +5 dagger (distort)
rCold   . . .      Faith    .   (shield restricted)
rNeg    . . .      Spirit   .   (no armour)
rPois   +          Reflect  .   E - +0 helmet
rElec   .          Harm     .   c - +1 cloak
rCorr   .          Rampage  .   B - +0 pair of gloves
Will    +++..                   F - +2 pair of boots {Stlth+}
Stlth   +++++++...              (no amulet)
HPRegen 0.25/turn               v - +4 ring of evasion
MPRegen 0.18/turn               P - ring "Maixzad" {Wiz +Blink rPois Will++ Str-4}

@: confusing by touch, swift, on blink cooldown, quick
A: small, no large weapons, nightstalker 3
a: Renounce Religion, Evoke Blink


You were on level 5 of the Lair of Beasts.
You worshipped Uskayaw.
Uskayaw was pleased with you.
You visited 3 branches of the dungeon, and saw 17 of its levels.

You collected 1086 gold pieces.

Inventory:

Hand Weapons
 a - a +0 fustibalus
 e - a +5 dagger of distortion (weapon)
 h - a +0 short sword of speed
 G - the +10 hunting sling "Penutema" {freeze, rPois Int+2, @w2}
   (You found it on level 7 of the Dungeon)

   Any ammunition fired from it freezes those it strikes, dealing additional
   cold damage.
   It can also slow down cold-blooded creatures.
   Int:       It affects your intelligence (+2).
   rPois:     It protects you from poison.
Missiles
 n - 27 boomerangs (quivered)
 p - a throwing net {!f}
 s - 4 datura-tipped darts
 u - 7 curare-tipped darts
 H - 83 sling bullets
Armour
 c - a +1 cloak (worn)
 A - +0 acid dragon scales
 B - a +0 pair of gloves (worn)
 E - a +0 helmet (worn)
 F - a +2 pair of boots of stealth (worn)
 Q - a +1 troll leather armour
Jewellery
 r - a ring of resist corrosion
 t - a +6 ring of intelligence
 v - a +4 ring of evasion (left hand)
 w - a ring of wizardry
 L - a +6 ring of dexterity
 N - a +6 ring of strength
 P - the ring "Maixzad" (right hand) {Wiz +Blink rPois Will++ Str-4}
   (You found it on level 9 of the Dungeon)

   [ring of wizardry]

   It improves your spell success rate.
   Str:       It affects your strength (-4).
   rPois:     It protects you from poison.
   +Blink:    It lets you blink.
   Will:      It greatly increases your willpower.
 W - a +6 ring of dexterity
Wands
 d - a wand of iceblast (10) {@v4}
 o - a wand of charming (5)
 J - a wand of flame (15)
 O - a wand of acid (30) {@v2}
 R - a wand of digging (5) {@v1}
 T - a wand of paralysis (9)
Scrolls
 b - a scroll of summoning {unknown}
 i - 3 scrolls of identify {@r1}
 m - 10 scrolls of teleportation {@r3}
 y - 3 scrolls of magic mapping
 C - 2 scrolls of blinking {@r4}
 K - 2 scrolls of fog
 V - a scroll of amnesia
Potions
 f - a potion of heal wounds {@q2}
 g - 3 potions of flight
 j - 2 potions of haste {@q3}
 k - 3 potions of magic
 l - 2 potions of mutation
 q - 3 potions of invisibility
 x - 3 potions of brilliance
 z - 4 potions of cancellation
 D - a potion of attraction
 M - a potion of might {@q4}
 S - 9 potions of ambrosia
 U - 4 potions of curing {unknown}
Miscellaneous
 X - a phial of floods


   Skills:
 + Level 13.3 Fighting
 - Level 12.0 Short Blades
 - Level 2.1 Throwing
 + Level 14.2 Dodging
 - Level 10.0 Stealth
 + Level 4.3 Spellcasting
 + Level 6.0 Hexes
 + Level 12.8 Invocations
 - Level 3.0 Evocations


You had 13 spell levels left.
You knew the following spells:

 Your Spells              Type           Power      Damage    Failure   Level
a - Confusing Touch       Hex            19%        N/A       1%          3
b - Swiftness             Air            3%         N/A       22%         3
e - Ensorcelled Hibernat  Hex/Ice        22%        N/A       3%          2

Your spell library contained the following spells:

 Spells                   Type           Power      Damage    Failure   Level
 Inner Flame              Hex/Fire       11%        N/A       6%          3
 Portal Projectile        Hex/Tloc       22%        N/A       6%          3
 Shock                    Conj/Air       12%        1d3       8%          1
 Static Discharge         Conj/Air       3%         N/A       12%         2
 Ignite Poison            Fire/Tmut/Pois 3%         N/A       22%         3
 Mephitic Cloud           Conj/Pois/Air  3%         N/A       22%         3
 Spider Form              Tmut/Pois      3%         N/A       22%         3
 Silence                  Hex/Air        5%         N/A       50%         5
 Airstrike                Air            1%         N/A       56%         4
 Dispel Undead            Necr           3%         3d7       56%         4
 Hailstorm                Conj/Ice       3%         3d3       56%         4
 Ice Form                 Ice/Tmut       3%         N/A       56%         4
 Sticky Flame             Conj/Fire      3%         2d3       56%         4
 Summon Ice Beast         Ice/Summ       3%         N/A       56%         4
 Summon Lightning Spire   Summ/Air       3%         N/A       56%         4
 Blade Hands              Tmut           1%         N/A       87%         5
 Excruciating Wounds      Necr           1%         N/A       87%         5
 Freezing Cloud           Conj/Ice/Air   1%         6-21      87%         5
 Lightning Bolt           Conj/Air       1%         1d12      87%         5
 Ozocubu's Refrigeration  Ice            1%         4d5       100%        7


Dungeon Overview and Level Annotations

Branches:
Dungeon (11/15)            Temple (1/1) D:5            Lair (5/6) D:10
 Shoals (0/4) Lair:2       Spider (0/4) Lair:3          Orc (0/2) D:11
  Slime: Lair:5-6

Altars:
Ashenzari
Cheibriados
Dithmenos
Elyvilon
Fedhas
Gozag
Kikubaaqudgha
Makhleb
Okawaru
Qazlal
Ru
Trog
Uskayaw
Vehumet
Wu Jian
Xom
Yredelemnul
Zin
The Shining One

Shops:
D:7 :   D:8 (   D:10 *

Annotations:
D:4 2 transporters, noothan's ghost, amateur HuCA
D:7 1 runed translucent door
Abyss:1 Rupert


Innate Abilities, Weirdness & Mutations

You are small and have problems with some larger weapons.
You are completely attuned to the shadows.


Message History

The six-headed hydra is moderately wounded.
You hit the six-headed hydra but do no damage.
The six-headed hydra is moderately wounded.
The six-headed hydra completely misses you.
The six-headed hydra bites you. The six-headed hydra bites you!
The six-headed hydra closely misses you.
The six-headed hydra misses you. The six-headed hydra barely misses you.
You hit the six-headed hydra but do no damage.
The six-headed hydra is moderately wounded.
You hit the six-headed hydra but do no damage.
The six-headed hydra is moderately wounded.
The six-headed hydra completely misses you.
The six-headed hydra closely misses you.
The six-headed hydra bites you but does no damage.
The six-headed hydra closely misses you.
The six-headed hydra bites you but does no damage.
The six-headed hydra closely misses you.
You hit the six-headed hydra but do no damage.
The six-headed hydra is moderately wounded.
You hit the six-headed hydra but do no damage.
The six-headed hydra is moderately wounded.
The six-headed hydra bites you!
* * * LOW HITPOINT WARNING * * *
The six-headed hydra misses you. The six-headed hydra barely misses you.
The six-headed hydra completely misses you. x2
The six-headed hydra barely misses you.
You hit the six-headed hydra but do no damage.
The six-headed hydra is moderately wounded.
You blink.
Unknown command.
Casting: Confusing Touch (safe; 1% risk of failure)
Confirm with . or Enter, or press ? or * to list all spells.
You feel quick. The six-headed hydra bites you.
* * * LOW HITPOINT WARNING * * *
The six-headed hydra bites you!
* * * LOW HITPOINT WARNING * * *
The six-headed hydra completely misses you. x2
The six-headed hydra bites you!
You die...

........#.........##......#..P#
.......##....#......#...##..P##
......####..##......+....#...##
........#####.....####..##....#
.......#.#.#..#...#####.......#
...................#.##P.....##
...<.........?...............##
...............D...)..........#
................@.............#
.......#..#..........P....P...##
.......####.#P....#####.##.....#
.........# ##.....## .#....##
.......##.. ....<..... ......#
.......# . #......... .....##
.......# .......#.. ..+P.##
.....(.# ..........#. ##P...##
......## #.#..>...P## ###..#.#


You could see a six-headed hydra.

Vanquished Creatures
  Snorg (Lair:4)
  2 boulder beetles (D:11)
  2 hydras
  5 two-headed ogres
  A death yak (Lair:3)
  Urug (D:10)
  Nergalle (Lair:3)
  2 cyclopes
  6 elephants
  A black mamba (Lair:2)
  3 centaur zombies (D:10)
  Maggie (D:7)
  7 cane toads
  A rime drake (Lair:4)
  9 komodo dragons
  2 trolls
  A queen bee (D:10)
  2 polar bears
  A slime creature (D:8)
  Prince Ribbit (Lair:1)
  9 blink frogs
  7 dream sheep (Lair:4)
  2 redbacks (Lair:3)
  Sigmund (D:2)
  A shadow (D:9)
  A vampire (D:10)
  7 wyverns
  4 wraiths
  34 yaks
  2 basilisks
  A warg (D:11)
  3 acid dragons
  12 water moccasins
  6 orc warriors
  A hornet zombie (D:6)
  3 black bears
  An ice beast (D:6)
  A necrophage (D:6)
  3 centaurs
  An ogre (D:5)
  10 wolves
  4 phantoms (D:5)
  6 kobold brigands
  14 bullfrogs
  A gnoll sergeant (D:9)
  2 scorpions (D:6)
  A water moccasin skeleton (D:5)
  30 killer bees
  4 wights
  A howler monkey (D:9)
  9 orc priests
  A jelly (D:4)
  3 bullfrog zombies
  A gnoll shaman (D:8)
  3 hounds
  A bullfrog skeleton (D:6)
  A centaur skeleton (D:6)
  Ijyb (D:3)
  An iguana (D:5)
  6 orc wizards
  7 adders
  7 gnolls
  A white imp (D:6)
  3 ufetubi
  2 adder skeletons (D:4)
  5 dart slugs
  32 orcs
  9 endoplasms
  2 giant cockroaches
  15 goblins
  13 hobgoblins
  20 kobolds
  2 quokkas
  6 ball pythons
  8 bats
  4 frilled lizards
  A goblin zombie (D:7)
  A jackal skeleton (D:7)
  4 rats
392 creatures vanquished.

Vanquished Creatures (collateral kills)
  4 gnolls
4 creatures vanquished.

Vanquished Creatures (others)
  2 unseen horrors (D:10)
  3 yaks (D:10)
  A centaur simulacrum (D:9)
  A gnoll (D:2)
  19 fungi
  53 plants
79 creatures vanquished.

Grand Total: 475 creatures vanquished

Notes
Turn   | Place    | Note
-------+----------+-------------------------------------------
     0 | D:1      | Zenkrye the Kobold Brigand began the quest for the Orb.
     0 | D:1      | Reached XP level 1. HP: 12/12 MP: 1/1
   171 | D:1      | Reached XP level 2. HP: 15/17 MP: 2/2
   607 | D:1      | Found a faded altar of an unknown god.
   702 | D:1      | Reached XP level 3. HP: 16/21 MP: 3/3
  1427 | D:2      | You fall into a shaft and drop 2 floors!
  1551 | D:4      | Reached XP level 4. HP: 26/26 MP: 4/4
  1569 | D:4      | Noticed an ogre
  1618 | D:4      | Reached XP level 5. HP: 15/30 MP: 5/5
  1814 | D:4      | Reached skill level 5 in Short Blades
  2256 | D:4      | Found a broken altar of Ashenzari.
  2850 | D:2      | Noticed Sigmund
  3325 | D:3      | Reached XP level 6. HP: 35/35 MP: 6/6
  3420 | D:3      | Noticed Ijyb
  3451 | D:3      | Killed Ijyb
  3670 | D:4      | Found a transporter.
  3670 | D:4      | Noticed noothan's ghost (amateur HuCA)
  3674 | D:4      | Found a transporter.
  4694 | D:5      | Entered Level 5 of the Dungeon
  4696 | D:5      | Reached XP level 7. HP: 40/40 MP: 7/7
  5523 | D:5      | Found a staircase to the Ecumenical Temple.
  5529 | Temple   | Entered the Ecumenical Temple
  5566 | Temple   | Became a worshipper of Uskayaw the Reveller
  5733 | D:5      | Reached * piety under Uskayaw
  5848 | D:5      | Reached ** piety under Uskayaw
  5940 | D:5      | Reached skill level 1 in Evocations
  5940 | D:5      | Reached XP level 8. HP: 45/45 MP: 8/8
  6024 | D:5      | Reached skill level 2 in Dodging
  6540 | D:6      | Reached *** piety under Uskayaw
  6565 | D:6      | Reached skill level 3 in Dodging
  6565 | D:6      | Reached skill level 1 in Invocations
  6575 | D:6      | Reached **** piety under Uskayaw
  6581 | D:6      | Reached ***** piety under Uskayaw
  6893 | D:6      | Reached skill level 10 in Short Blades
  6961 | D:6      | Reached XP level 9. HP: 52/52 MP: 10/10
  7037 | D:6      | Reached skill level 4 in Dodging
  7886 | D:7      | Identified the +5 spear "Jima" {drain, rN+ Str+4 Int-5}
  7943 | D:7      | Found a runed translucent door.
  7944 | D:7      | Identified the +10 hunting sling "Penutema" {freeze, rPois
                  | Int+2}
  8279 | D:2      | Killed Sigmund
  8435 | D:7      | Noticed Maggie
  8439 | D:7      | Killed Maggie
  8440 | D:7      | Reached skill level 5 in Fighting
  8440 | D:7      | Reached skill level 5 in Dodging
  8648 | D:7      | Noticed a two-headed ogre
  8654 | D:7      | Killed a two-headed ogre
  8655 | D:7      | Reached XP level 10. HP: 60/60 MP: 11/13
  8725 | D:7      | Found a shadowy altar of Dithmenos.
  8737 | D:7      | Found an iron altar of Okawaru.
  8741 | D:7      | Found an opulent altar of Gozag.
  8745 | D:7      | Found a stormy altar of Qazlal.
  8748 | D:7      | Found a bloodstained altar of Trog.
  8751 | D:7      | Found a burning altar of Makhleb.
  8774 | D:7      | Reached skill level 6 in Dodging
  8994 | D:7      | Found Beivet's Self-Improvement Boutique.
  9030 | D:7      | Found a basalt altar of Yredelemnul.
  9083 | D:7      | Identified a scroll of acquirement
  9083 | D:7      | Acquired a +1 pair of boots of stealth
  9662 | D:8      | Reached skill level 5 in Invocations
  9764 | D:8      | Found Ginuiz's Antique Weapon Shop.
 10297 | D:8      | Reached skill level 10 in Stealth
 11461 | D:9      | Identified the ring "Maixzad" {Wiz +Blink rPois Will++
                  | Str-4}
 11468 | D:9      | Learned a level 2 spell: Ensorcelled Hibernation
 11532 | D:9      | Reached skill level 7 in Dodging
 11924 | D:9      | Reached skill level 1 in Spellcasting
 11943 | D:8      | Reached skill level 1 in Hexes
 12637 | D:9      | Reached XP level 11. HP: 35/67 MP: 15/15
 12829 | D:10     | Entered Level 10 of the Dungeon
 13013 | D:10     | Found Dehaseol's Changing Room.
 13093 | D:10     | Found an ornate altar of the Wu Jian Council.
 13142 | D:10     | Reached skill level 8 in Dodging
 13388 | D:10     | Reached ****** piety under Uskayaw
 13513 | D:10     | Identified the +8 hunting sling of Wrongful Imprisonment
                  | {freeze, rF+ rN+}
 13632 | D:10     | Noticed Urug
 13635 | D:10     | Killed Urug
 13834 | D:10     | Found a shimmering altar of Xom.
 13886 | D:10     | Reached skill level 9 in Dodging
 14157 | D:9      | Noticed a two-headed ogre
 14173 | D:9      | Killed a two-headed ogre
 14281 | D:9      | Noticed a tengu warrior
 14303 | D:9      | Identified the +1 leather armour of Raustiow {-Tele rCorr
                  | Int+7 Dex-3}
 14306 | D:9      | Noticed a boulder beetle
 14317 | D:9      | Got Qippit's Handbook of Enchantment
 14322 | D:9      | Learned a level 3 spell: Confusing Touch
 14344 | D:9      | Noticed a two-headed ogre
 14353 | D:9      | Noticed a cyclops
 14357 | D:9      | Killed a cyclops
 14358 | D:9      | Reached XP level 12. HP: 30/75 MP: 13/18
 14452 | D:10     | Found a staircase to the Lair.
 14495 | D:10     | Noticed a two-headed ogre
 14502 | D:10     | Killed a two-headed ogre
 14503 | D:10     | Reached skill level 5 in Hexes
 14672 | D:10     | Noticed a two-headed ogre
 14675 | D:10     | Killed a two-headed ogre
 14744 | D:10     | Reached skill level 10 in Dodging
 14891 | D:11     | Noticed a two-headed ogre
 14895 | D:11     | Killed a two-headed ogre
 14944 | D:11     | Noticed Sonja
 14947 | D:11     | Noticed Sonja
 14947 | D:11     | Sonja changed into Sonja the warg
 14986 | D:11     | Killed Sonja the warg
 15011 | D:11     | Noticed a boulder beetle
 15015 | D:11     | Killed a boulder beetle
 15023 | D:11     | Learned a level 3 spell: Swiftness
 15221 | D:11     | Reached skill level 10 in Fighting
 15316 | D:11     | Found a staircase to the Orcish Mines.
 15495 | D:11     | Noticed a boulder beetle
 15512 | D:11     | Killed a boulder beetle
 15721 | Lair:1   | Entered Level 1 of the Lair of Beasts
 15734 | Lair:1   | Reached skill level 11 in Dodging
 15813 | Lair:1   | Noticed Prince Ribbit
 15817 | Lair:1   | Killed Prince Ribbit
 15844 | Lair:1   | Reached skill level 10 in Invocations
 15899 | Lair:1   | Reached XP level 13. HP: 83/83 MP: 20/20
 16004 | Lair:1   | Noticed a five-headed hydra
 16025 | Lair:1   | Killed a five-headed hydra
 16121 | Lair:1   | Reached skill level 12 in Dodging
 16790 | Lair:2   | Found a staircase to the Shoals.
 17291 | Lair:2   | You fall into a shaft and drop 1 floor!
 17298 | Lair:3   | Noticed Rupert
 17309 | Lair:3   | Banished Rupert
 17457 | Lair:3   | Noticed Nergalle
 17461 | Lair:3   | Killed Nergalle
 17490 | Lair:3   | Reached skill level 13 in Dodging
 18058 | Lair:3   | Noticed a five-headed hydra
 18078 | Lair:3   | Killed a five-headed hydra
 18079 | Lair:3   | Reached XP level 14. HP: 30/92 MP: 16/23
 18157 | Lair:3   | Got Bousayxa's Papyrus of the Snowflakes
 18291 | Lair:3   | Found a hole to the Spider Nest.
 18912 | Lair:4   | Reached skill level 14 in Dodging
 18999 | Lair:4   | Noticed Snorg
 19379 | Lair:4   | Killed Snorg
 20272 | Lair:5   | Slain by a six-headed hydra

Illustrated notes

Levels and vault maps discovered:
D:1:      minmay_arrival_up_and_down, layout_basic,
          chequers_ecumenical_altar_lobes
D:2:      layout_basic, kennysheep_generic_room_15, uniq_sigmund
D:3:      layout_rooms, minmay_circle_x, uniq_ijyb
D:4:      corexii_shantytown, layout_loops_ring, cheibrodos_ashenzari_chains,
          gammafunk_ghost_arena
D:5:      layout_basic, minmay_temple_entry_statues_fountains,
          grunt_ministairs_1, chequers_arboretum
D:6:      layout_loops_ring
D:7:      layout_rooms, nicolae_overflow_hallway_of_the_gods,
          dk_yredelemnul_ordeal, nicolae_shop_self_help, uniq_maggie
D:8:      layout_layer_cave, serial_shops, kennysheep_mini_moat
D:9:      minmay_the_grid_octo_2x2 [minmay_the_grid_octo_focus,
          minmay_the_grid_octo_clover, minmay_the_grid_octo_checkered,
          minmay_the_grid_octo_prize_star], layout_loops_ring
D:10:     layout_roguey [special_room_bee], xom_confusion_cloud,
          nzn_wu_jian_contemplation, lair_entry_dummy,
          nicolae_transmutations_shop, uniq_urug
D:11:     layout_roguey, orc_0_dummy, uniq_sonja
Temple:   minmay_temple_bridge_abc
Lair:1:   layout_misc_corridors, grunt_megastairs_4, uniq_prince_ribbit2
Lair:2:   layout_regular_city, shoals_dummy_entry, serial_bayou,
          serial_bayou_pond_c, serial_bayou_pond_c, serial_bayou_lake_a,
          serial_bayou_lagoon_a, patterned_corridor
Lair:3:   nzn_winding_woodlands_stair_cross [nzn_winding_woodlands_5x15_jagged,
          nzn_winding_woodlands_center_triple_pond,
          nzn_winding_woodlands_5x15_split_checker,
          nzn_winding_woodlands_5x5_cross,
          nzn_winding_woodlands_5x5_closed_star,
          nzn_winding_woodlands_5x15_sidewinder,
          nzn_winding_woodlands_center_garden,
          nzn_winding_woodlands_5x15_cabin], layout_chaotic_city,
          spider_nest_entry_a, uniq_rupert, uniq_nergalle
Lair:4:   layout_long_grid, grunt_forest_small_clearing_treed, uniq_snorg
Lair:5:   layout_regular_city, grunt_megastairs_3

Skill      XL: |  1  2  3  4  5  6  7  8  9 10 11 12 13 14 |
---------------+-------------------------------------------+-----
Short Blades   | 3 4 5 7 9 10 11 12 | 12.0
Stealth        | 6 7 8 9 10 | 10.0
Evocations     | 1 3 |  3.0
Dodging        | 3 5 7 9 11 13 14 | 14.2
Fighting       | 4 5 7 8 10 12 13 | 13.3
Invocations    | 2 4 6 8 10 12 | 12.8
Spellcasting   | 2 3 4 |  4.3
Hexes          | 1 4 5 6 |  6.0
Throwing       | |  2.1

Action                   |  1- 3 |  4- 6 |  7- 9 | 10-12 | 13-15 || total
-------------------------+-------+-------+-------+-------+-------++-------
Melee: Dagger            |    66 |   221 |   277 |  1057 |   379 ||  2000
       Rapier            |       |       |       |    45 |       ||    45
 Fire: Hunting sling     |       |       |    26 |   122 |       ||   148
Throw: Dart              |     6 |    12 |     2 |    11 |     2 ||    33
       Throwing net      |       |       |     1 |       |       ||     1
       Boomerang         |       |       |       |       |     1 ||     1
 Cast: Ensorcelled Hiber |       |       |       |     1 |       ||     1
       Confusing Touch   |       |       |       |     4 |     5 ||     9
       Swiftness         |       |       |       |       |     1 ||     1
Invok: Line Pass         |       |       |     3 |     2 |       ||     5
       Stomp             |       |       |       |     3 |     7 ||    10
 Abil: Evoke Blink       |       |       |       |       |     1 ||     1
Evoke: Wand              |       |       |     2 |    18 |     1 ||    21
  Use: Scroll            |     2 |     9 |     4 |    12 |     5 ||    32
       Potion            |       |       |       |     3 |       ||     3
 Stab: Sleeping          |    24 |    33 |    14 |    17 |    31 ||   119
       Distracted        |       |     1 |       |       |     1 ||     2
       Paralysed         |       |       |     3 |    31 |    25 ||    59
       Confused          |       |       |     1 |     8 |     5 ||    14
Armor: Robe              |     7 |    12 |       |       |       ||    19
       Skin              |       |    26 |       |       |     6 ||    32
       Leather armour    |       |    13 |    30 |       |       ||    43
       Steam dragon scal |       |       |       |    26 |       ||    26
       Troll leather arm |       |       |       |   111 |    39 ||   150
Dodge: Dodged            |    22 |    95 |   107 |   830 |   296 ||  1350

Table legend: (Time is in decaauts)
 A = Elapsed time spent in this place.
 B = Non-inter-level travel time spent in this place.
 C = Inter-level travel time spent in this place.
 D = Time resting spent in this place.
 E = Time spent auto-exploring this place.
 F = Levels seen in this place.
 G = Mean time per level.
                   A        B        C        D        E       F      G
               +--------+--------+--------+--------+--------+-----+--------+
         Total |  19400 |  18570 |    830 |   2845 |  12131 |  17 | 1141.2 |
       Dungeon |  14978 |  14243 |    735 |   2819 |   8524 |  11 | 1361.6 |
        Temple |     59 |     38 |     21 |      0 |     30 |   1 |   59.0 |
          Lair |   4362 |   4289 |     73 |     26 |   3577 |   5 |  872.4 |
               +--------+--------+--------+--------+--------+-----+--------+

Top non-repeatable levels by time:
     D:8: 2393 daAuts
     D:4: 2226 daAuts
     D:9: 1657 daAuts
     D:6: 1540 daAuts
     D:5: 1384 daAuts
    D:10: 1327 daAuts
  Lair:3: 1192 daAuts
     D:3: 977 daAuts
     D:1: 960 daAuts
     D:2: 954 daAuts
  Lair:4: 938 daAuts
     D:7: 804 daAuts
  Lair:1: 785 daAuts
    D:11: 752 daAuts
  Lair:5: 728 daAuts
